 Dungeon Crawl Stone Soup version 0.23.0 (webtiles) character file.

Game seed: 3317075167249818016

2354 Kairos the Ducker (level 9, -17/111 HPs)
             Began as a Gnoll Monk on Feb 15, 2019.
             Was a Believer of Okawaru.
             Demolished by a gargoyle
             ... wielding a +0 mace
              (21 damage)
             ... on level 7 of the Dungeon.
             The game lasted 00:14:34 (7742 turns).

Kairos the Ducker (Gnoll Monk)                      Turns: 7742, Time: 00:14:34

Health: -17/111    AC:  7    Str: 21    XL:     9   Next: 44%
Magic:  15/15      EV: 12    Int: 14    God:    Okawaru [**....]
Gold:   345        SH: 15    Dex: 17    Spells: 16/16 levels left

rFire    . . .     SeeInvis .   m - +0 whip (elec)
rCold    . . .     Gourm    .   y - +0 large shield
rNeg     + . .     Faith    .   n - +0 ring mail
rPois    .         Spirit   .   (no helmet)
rElec    .         Reflect  .   (no cloak)
rCorr    .         Harm     .   K - +0 pair of gloves
MR       .....                  (no boots)
Stlth    ..........             o - amulet of rage
HPRegen  0.28/turn              h - ring of positive energy
MPRegen  0.14/turn              (no ring)

@: berserking (expiring), starving, very quick
A: distributed training, fangs 1, blurry vision 1, mutation resistance 1, strong
nose
a: Heroism, Renounce Religion, Evoke Berserk Rage


You were on level 7 of the Dungeon.
You worshipped Okawaru.
Okawaru was pleased with you.
You were starving.

You visited 2 branches of the dungeon, and saw 8 of its levels.
You also visited: Sewer.

You collected 345 gold pieces.

Inventory:

Hand Weapons
 e - a +0 hunting sling
 m - a +0 whip of electrocution (weapon)
 L - a +1 morningstar of freezing
Missiles
 w - 14 tomahawks
 A - 3 javelins (quivered)
 I - 6 tomahawks of returning
Armour
 b - a +0 robe
 n - a +0 ring mail (worn)
 y - a +0 large shield (worn)
 K - a +0 pair of gloves (worn)
Jewellery
 h - a ring of positive energy (left hand)
 o - an amulet of rage (around neck)
 v - a +3 amulet of reflection
 H - an uncursed ring of flight
Wands
 F - a wand of acid (5)
 J - a wand of digging (6)
Scrolls
 a - a scroll of holy word {unknown}
 f - 4 scrolls of remove curse
 g - 3 scrolls of enchant armour
 k - 2 scrolls of fog
 l - 7 scrolls of teleportation
 p - 4 scrolls of fear
 r - 2 scrolls of amnesia {unknown}
 u - a scroll of blinking {unknown}
 z - a scroll of magic mapping {unknown}
 B - a scroll of random uselessness {unknown}
 D - 5 scrolls of identify
 E - a scroll of enchant weapon {unknown}
Potions
 d - a potion of cancellation {unknown}
 i - 5 potions of mutation
 j - a potion of invisibility {unknown}
 q - a potion of haste {unknown}
 s - 2 potions of agility
 t - 6 potions of curing
 x - 2 potions of might {unknown}
 C - 5 potions of heal wounds
 G - 3 potions of flight {unknown}
Comestibles
 c - 19 rations


   Skills:
 + Level 7.8 Fighting
 + Level 4.1 Short Blades
 + Level 4.1 Long Blades
 + Level 7.8 Axes
 + Level 4.1 Maces & Flails
 + Level 4.1 Polearms
 + Level 4.1 Staves
 + Level 4.1 Slings
 + Level 4.1 Bows
 + Level 4.1 Crossbows
 + Level 4.1 Throwing
 + Level 4.1 Armour
 + Level 7.8 Dodging
 + Level 6.0 Stealth
 + Level 4.1 Shields
 + Level 4.1 Unarmed Combat
 + Level 4.1 Spellcasting
 + Level 3.4 Conjurations
 + Level 3.4 Hexes
 + Level 3.4 Charms
 + Level 3.4 Summonings
 + Level 3.4 Necromancy
 + Level 3.4 Translocations
 + Level 3.4 Transmutations
 + Level 3.4 Fire Magic
 + Level 3.4 Ice Magic
 + Level 3.4 Air Magic
 + Level 3.4 Earth Magic
 + Level 3.4 Poison Magic
 + Level 4.6 Invocations
 + Level 4.1 Evocations


You had 16 spell levels left.
You didn't know any spells.
Your spell library contained the following spells:

 Spells                   Type           Power        Failure   Level  Hunger
 Beastly Appendage        Tmut           ##....       75%         1    None
 Sticks to Snakes         Tmut           ##......     86%         2    ##.....
 Spider Form              Tmut/Pois      ##........   98%         3    ###....
 Ice Form                 Ice/Tmut       ##......     100%        4    ####...
 Blade Hands              Tmut           ##........   100%        5    ######.


Dungeon Overview and Level Annotations

Branches:
Dungeon (7/15)             Temple (1/1) D:6

Altars:
Ashenzari
Cheibriados
Dithmenos
Elyvilon
Fedhas
Gozag
Hepliaklqana
Kikubaaqudgha
Makhleb
Nemelex Xobeh
Okawaru
Qazlal
Ru
Sif Muna
Trog
Uskayaw
Vehumet
Wu Jian
Xom
Yredelemnul
Zin
The Shining One

Shops:
D:4 :


Innate Abilities, Weirdness & Mutations

Your experience applies equally to all skills.
You have very sharp teeth.
Your uncanny sense of smell can sniff out nearby items.
Scrolls take you a little longer to read.
You are somewhat resistant to further mutation.


Message History

Your shield prevents you from hitting the gargoyle.
The gargoyle is almost destroyed.
The gargoyle hurls a stone arrow at you.
You block the stone arrow.
You hit the gargoyle but do no damage.
The gargoyle is almost destroyed.
The gargoyle misses you.
You hit the gargoyle but do no damage.
The gargoyle is almost destroyed.
You hit the gargoyle but do no damage.
You bite the gargoyle, but do no damage.
The gargoyle is almost destroyed.
You block the gargoyle's attack.
You hit the gargoyle but do no damage.
You bite the gargoyle, but do no damage.
The gargoyle is almost destroyed.
You barely miss the gargoyle.
The gargoyle is almost destroyed.
The gargoyle hits you with a +0 mace!!
You die...

#####..#
##+.+##∆#..###.##....... #
#.###+.....+###.....####...#.
# #.#8#.......# #.###.#
#...#. #
##...........+##.....# #####.
####........8....##.###.# #.
................+ #.###.#
#####.
####..#8#.......#∆#.#...#
#..... #
#..###+.....9###.#.### #.####
#...#∆##'.'##@#..#.# #.####
#.#.###8###8###.##.# #.....
#.#...#######...##.# ######
#.###.........####.#
####.####.######## #.#
......# #.# #.# ..##..# #.#
#.# #.##..# #.# #.# #####
#.##..# #.# #.# #....


You could see a gargoyle.

Vanquished Creatures
  A gargoyle (D:7)
  A water moccasin (D:6)
  A phantom (D:6)
  A necrophage (D:7)
  2 ogres
  A centaur (D:6)
  A bullfrog (D:7)
  4 scorpions
  A water moccasin skeleton (D:6)
  3 wights (D:7)
  2 howler monkeys
  3 crimson imps
  2 hounds
  4 orc wizards
  3 bullfrog zombies
  2 orc priests (D:4)
  A centaur skeleton (D:6)
  3 iguanas
  A worker ant (D:5)
  12 adders
  4 gnolls
  A howler monkey skeleton (D:5)
  10 river rats
  2 shadow imps
  2 oozes
  2 adder skeletons
  An adder zombie (D:6)
  4 worms
  5 dart slugs
  8 leopard geckos
  19 orcs
  10 ball pythons
  9 giant cockroaches
  6 hobgoblins
  6 jackals
  2 quokkas
  6 bats
  3 frilled lizards
  10 goblins
  21 kobolds
  20 rats
200 creatures vanquished.

Vanquished Creatures (others)
  2 orcs
2 creatures vanquished.

Grand Total: 202 creatures vanquished

Notes
Turn   | Place    | Note
-------+----------+-------------------------------------------
     0 | D:1      | Kairos the Gnoll Monk began the quest for the Orb.
     0 | D:1      | Reached XP level 1. HP: 23/23 MP: 1/1
   141 | D:1      | Reached XP level 2. HP: 21/29 MP: 2/2
   413 | D:1      | Reached XP level 3. HP: 28/35 MP: 3/3
   601 | D:1      | Reached skill level 1 in Invocations
   785 | D:2      | Reached skill level 1 in Short Blades
   785 | D:2      | Reached skill level 1 in Long Blades
   785 | D:2      | Reached skill level 1 in Maces & Flails
   785 | D:2      | Reached skill level 1 in Polearms
   785 | D:2      | Reached skill level 1 in Staves
   785 | D:2      | Reached skill level 1 in Slings
   785 | D:2      | Reached skill level 1 in Bows
   785 | D:2      | Reached skill level 1 in Crossbows
   785 | D:2      | Reached skill level 1 in Throwing
   785 | D:2      | Reached skill level 1 in Armour
   785 | D:2      | Reached skill level 1 in Shields
   785 | D:2      | Reached skill level 1 in Unarmed Combat
   785 | D:2      | Reached skill level 1 in Spellcasting
   785 | D:2      | Reached skill level 1 in Evocations
   848 | D:2      | Reached XP level 4. HP: 41/41 MP: 5/5
  1025 | D:2      | Reached skill level 1 in Conjurations
  1025 | D:2      | Reached skill level 1 in Hexes
  1025 | D:2      | Reached skill level 1 in Charms
  1025 | D:2      | Reached skill level 1 in Summonings
  1025 | D:2      | Reached skill level 1 in Necromancy
  1025 | D:2      | Reached skill level 1 in Translocations
  1025 | D:2      | Reached skill level 1 in Transmutations
  1025 | D:2      | Reached skill level 1 in Fire Magic
  1025 | D:2      | Reached skill level 1 in Ice Magic
  1025 | D:2      | Reached skill level 1 in Air Magic
  1025 | D:2      | Reached skill level 1 in Earth Magic
  1025 | D:2      | Reached skill level 1 in Poison Magic
  1595 | D:3      | Reached XP level 5. HP: 39/47 MP: 5/7
  2584 | D:4      | Reached XP level 6. HP: 43/53 MP: 8/8
  3310 | D:4      | Found Necyedimn's Book Shoppe.
  3351 | D:4      | Reached XP level 7. HP: 58/59 MP: 10/10
  3976 | D:4      | Found a shimmering altar of Xom.
  4109 | D:5      | Entered Level 5 of the Dungeon
  4125 | D:5      | Reached skill level 5 in Stealth
  4300 | D:5      | Found a glowing drain.
  4323 | Sewer    | Entered a sewer
  4730 | Sewer    | Reached XP level 8. HP: 53/67 MP: 12/12
  6670 | D:6      | Found a staircase to the Ecumenical Temple.
  6682 | Temple   | Entered the Ecumenical Temple
  6788 | Temple   | Became a worshipper of Warmaster Okawaru
  6788 | Temple   | Reached * piety under Okawaru
  6788 | Temple   | Reached ** piety under Okawaru
  6972 | D:7      | Reached XP level 9. HP: 72/72 MP: 14/14
  7186 | D:7      | Found a bloodstained altar of Trog.
  7631 | D:7      | Noticed a gargoyle
  7658 | D:7      | Killed a gargoyle
  7664 | D:7      | Noticed a gargoyle
  7664 | D:7      | Gained mutation: Scrolls take you a little longer to read.
                  | [potion of mutation]
  7664 | D:7      | Gained mutation: You are somewhat resistant to further
                  | mutation. [potion of mutation]
  7733 | D:7      | HP: 2/111 [gargoyle/stone arrow (27)]
  7742 | D:7      | Demolished by a gargoyle

Skill      XL: |  1  2  3  4  5  6  7  8  9 |
---------------+----------------------------+-----
Invocations    | 1 2 3 4 |  4.6
Short Blades   | 1 2 3 4 |  4.1
Long Blades    | 1 2 3 4 |  4.1
Maces & Flails | 1 2 3 4 |  4.1
Polearms       | 1 2 3 4 |  4.1
Staves         | 1 2 3 4 |  4.1
Slings         | 1 2 3 4 |  4.1
Bows           | 1 2 3 4 |  4.1
Crossbows      | 1 2 3 4 |  4.1
Throwing       | 1 2 3 4 |  4.1
Armour         | 1 2 3 4 |  4.1
Shields        | 1 2 3 4 |  4.1
Unarmed Combat | 1 2 3 4 |  4.1
Spellcasting   | 1 2 3 4 |  4.1
Evocations     | 1 2 3 4 |  4.1
Conjurations   | 1 2 3 |  3.4
Hexes          | 1 2 3 |  3.4
Charms         | 1 2 3 |  3.4
Summonings     | 1 2 3 |  3.4
Necromancy     | 1 2 3 |  3.4
Translocations | 1 2 3 |  3.4
Transmutations | 1 2 3 |  3.4
Fire Magic     | 1 2 3 |  3.4
Ice Magic      | 1 2 3 |  3.4
Air Magic      | 1 2 3 |  3.4
Earth Magic    | 1 2 3 |  3.4
Poison Magic   | 1 2 3 |  3.4
Fighting       | 7 |  7.8
Axes           | 7 |  7.8
Dodging        | 7 |  7.8
Stealth        | 5 6 |  6.0

Action                   |  1- 3 |  4- 6 |  7- 9 || total
-------------------------+-------+-------+-------++-------
Melee: Hand axe          |    27 |       |       ||    27
       Bite              |    10 |    33 |    81 ||   124
       Whip              |    45 |   210 |   500 ||   755
       Punch             |       |     3 |     4 ||     7
Throw: Javelin           |       |     4 |     3 ||     7
       Tomahawk          |       |     1 |       ||     1
Invok: Heroism           |       |       |     3 ||     3
 Abil: Evoke Berserk Rag |       |       |     2 ||     2
  Use: Scroll            |     2 |     1 |     4 ||     7
       Potion            |       |       |     5 ||     5
 Stab: Sleeping          |     1 |     3 |    11 ||    15
       Distracted        |     1 |       |       ||     1
  Eat: Chunk             |       |     7 |    15 ||    22
Armor: Robe              |     6 |       |       ||     6
       Ring mail         |    10 |    46 |    61 ||   117
Dodge: Dodged            |    47 |   151 |   263 ||   461
Block: Other             |       |    19 |    34 ||    53
       Reflection        |       |     1 |     5 ||     6
       Large shield      |       |       |   158 ||   158
